 Dungeon Crawl Stone Soup version 0.30-a0-728-gc68057be0a (webtiles) character file.

Game seed: 8674706441712136787

3856 juan097 the Cleaver (level 10, -8/90 HPs)
             Began as a Hill Orc Berserker on Jan 31, 2023.
             Was an Elder of Trog.
             Mangled by an orc warrior
             ... wielding a +0 halberd
              (9 damage)
             ... in a bailey.
             The game lasted 00:22:33 (7163 turns).

juan097 the Cleaver (Hill Orc Berserker)            Turns: 7163, Time: 00:22:34

Health: -8/90      AC: 14    Str: 25    XL:     10   Next: 18%
Magic:  10/10      EV: 12    Int:  7    God:    Trog [****..]
Gold:   509        SH:  0    Dex: 10    Spells: 9/9 levels left

rFire   . . .      SeeInvis .    a - +0 hand axe
rCold   + . .      Faith    .    (no shield)
rNeg    . . .      Spirit   .    r - +4 ring mail {rC+}
rPois   .          Reflect  .    u - +0 helmet
rElec   .          Harm     .    (no cloak)
rCorr   .          Rampage  .    i - +0 pair of gloves
Will    .....                    B - +0 pair of boots
Stlth   ++                       (no amulet)
HPRegen 0.35/turn                (no ring)
MPRegen 0.12/turn                (no ring)

@: no status effects
A: no striking features
a: Renounce Religion, Berserk, Trog's Hand, Brothers in Arms


You were in a bailey.
You worshipped Trog.
Trog was greatly pleased with you.
You visited 1 branch of the dungeon, and saw 8 of its levels.
You also visited: Bailey.

You collected 509 gold pieces.

Inventory:

Hand Weapons
 a - a +0 hand axe (weapon)
 b - a +0 sling
 s - a +2 short sword of venom
Missiles
 h - 2 poisoned darts
 y - 4 boomerangs (quivered)
 z - 4 atropa-tipped darts
Armour
 i - a +0 pair of gloves (worn)
 r - a +4 ring mail of cold resistance (worn)
 u - a +0 helmet (worn)
 B - a +0 pair of boots (worn)
Jewellery
 E - a ring of ice
Wands
 j - a wand of flame (4)
 C - a wand of paralysis (4)
 D - a wand of roots (4)
Scrolls
 g - a scroll of brand weapon
 k - a scroll of fog
 l - a scroll of magic mapping
 o - 5 scrolls of enchant armour {unknown}
 t - a scroll of blinking
 v - a scroll of fear {unknown}
 w - a scroll of torment {unknown}
 x - a scroll of acquirement {unknown}
 A - 8 scrolls of teleportation {unknown}
Potions
 c - 2 potions of haste {unknown}
 d - 3 potions of lignification
 e - 7 potions of curing {unknown}
 f - 6 potions of attraction {unknown}
 m - 2 potions of berserk rage
 p - a potion of might {unknown}


   Skills:
 + Level 8.7 Fighting
 + Level 12.5 Axes
 + Level 6.7 Armour
 + Level 3.7 Dodging
 - Level 4.0 Stealth
 + Level 2.4 Evocations


You had 9 spell levels left.
You didn't know any spells.
Your spell library was empty.

Dungeon Overview and Level Annotations

Branches:
Dungeon (8/15)             Temple (0/1) D:6          Bailey (1/1)
   Lair: D:8-11

Altars:
Cheibriados
Dithmenos
Elyvilon
Gozag
Hepliaklqana
Kikubaaqudgha
Makhleb
Nemelex Xobeh
Okawaru
Qazlal
Ru
Sif Muna
Uskayaw
Wu Jian
Xom
The Shining One

Annotations:
D:5 2 transporters, Dowan, Duvessa


Message History

The orc warrior closely misses you.
The orc warrior struggles to escape constriction.
You hit the orc warrior but do no damage.
You punch the orc warrior, but do no damage.
The orc warrior is heavily wounded.
The grasping roots constrict the orc warrior!
The grasping roots constrict the orc warrior.
You barely miss the orc warrior.
The orc warrior is severely wounded.
The grasping roots constrict the orc warrior. x2
The roots release their grip on the orc warrior. x2
The orc warrior barely misses you.
You barely miss the orc warrior.
The orc warrior is almost dead.
The orc warrior hits you from afar with a +0 glaive!
The orc warrior hits you with a +0 halberd!
You hit the orc warrior but do no damage.
The orc warrior is almost dead.
An orc warrior comes into view. It is wielding a +0 glaive.
The orc warrior shouts!
The orc warrior closely misses you.
The orc warrior hits you with a +0 halberd.
An orc warrior comes into view. It is wielding a +0 glaive.
You hit the orc warrior.
The orc warrior is almost dead.
You closely miss the orc warrior.
The orc warrior hits you with a +0 glaive.
The orc warrior hits you with a +0 halberd!
As you read the scroll of summoning, it crumbles to dust.
Wisps of shadow whirl around you...
Your orc wizard dissolves into shadows!
The orc warrior hits you from afar with a +0 glaive!
The orc warrior hits you but does no damage.
The orc warrior hits you with a +0 halberd!
* * * LOW HITPOINT WARNING * * *
You swap places.
The orc warrior hits you with a +0 glaive!!
* * * LOW HITPOINT WARNING * * *
The orc warrior hits you from afar with a +0 halberd!
You die...

###.....≈≈≈≈...#.....
♣♣♣...♣♣..≈≈≈≈...##...
♣......♣..≈≈≈≈....#..#
.........######...#.8#
..∩...............#o.#
............g..g..'..#
.......[......oooo'..#
..∩..........g..oo#..#
.........######.@.#.8#
♣.........≈≈≈≈o..o#o.#
♣♣♣....♣..≈≈≈≈.♣.##...
###.....≈≈≈≈o..#.....
##.♣..≈≈≈≈♣..#$.####
#...≈≈≈≈≈♣..####
#♣.≈≈≈≈≈♣♣...
♣♣≈≈≈≈≈♣♣♣.. #######


You could see 4 orc warriors, 3 friendly gnolls and 6 friendly orcs.

Vanquished Creatures
  Grinder (D:3)
  A wyvern (D:8)
  2 vampire mosquitoes (D:7)
  An orc warrior (Bailey)
  An ice beast (D:5)
  2 black bears (D:6)
  6 ogres
  2 centaurs (D:7)
  A kobold brigand (D:8)
  2 phantoms
  7 bullfrogs
  2 necrophages
  4 wights (D:8)
  6 killer bees
  2 jellies
  5 hounds
  6 orc priests
  7 iguanas
  Terence (D:3)
  Ijyb (D:3)
  2 orc wizards
  3 gnolls (D:5)
  17 adders
  2 shadow imps
  An ufetubus (D:5)
  A worm (D:2)
  2 dart slugs (D:2)
  24 orcs
  8 ball pythons
  4 endoplasms
  A giant cockroach (D:2)
  7 goblins
  3 hobgoblins
  8 jackals
  2 quokkas (D:2)
  5 bats
  3 frilled lizards
  10 kobolds
  11 rats
174 creatures vanquished.

Vanquished Creatures (others)
  An orc (D:7)
1 creature vanquished.

Grand Total: 175 creatures vanquished

Notes
Turn   | Place    | Note
-------+----------+-------------------------------------------
     0 | D:1      | juan097 the Hill Orc Berserker began the quest for the Orb.
     0 | D:1      | Reached XP level 1. HP: 19/19 MP: 1/1
   332 | D:1      | Found a faded altar of an unknown god.
   368 | D:1      | Reached XP level 2. HP: 27/27 MP: 2/2
   847 | D:2      | Reached XP level 3. HP: 33/33 MP: 3/3
   872 | D:2      | Reached skill level 1 in Stealth
   880 | D:2      | Reached skill level 5 in Axes
  1018 | D:2      | Reached ** piety under Trog
  1081 | D:2      | Reached XP level 4. HP: 40/40 MP: 4/4
  1684 | D:3      | Noticed Grinder
  1710 | D:3      | Paralysed by Grinder for 3 turns
  1717 | D:3      | Killed Grinder
  1718 | D:3      | Reached skill level 5 in Fighting
  1718 | D:3      | Reached skill level 7 in Axes
  1718 | D:3      | Reached XP level 5. HP: 10/48 MP: 5/5
  1718 | D:3      | Reached XP level 6. HP: 11/56 MP: 6/6
  2053 | D:3      | Found a faded altar of an unknown god.
  2057 | D:3      | Found a white marble altar of Elyvilon.
  2101 | D:3      | Noticed Terence
  2149 | D:3      | Noticed Ijyb
  2265 | D:3      | Killed Ijyb
  2458 | D:3      | Killed Terence
  2459 | D:3      | Reached XP level 7. HP: 61/61 MP: 7/7
  2823 | D:4      | Reached *** piety under Trog
  2824 | D:4      | Reached skill level 8 in Axes
  2842 | D:4      | Found a shimmering blue altar of Sif Muna.
  3202 | D:4      | Found an ornate altar of the Wu Jian Council.
  3202 | D:4      | Found a hazy altar of Hepliaklqana.
  3377 | D:5      | Entered Level 5 of the Dungeon
  3447 | D:5      | Found an ancient bone altar of Kikubaaqudgha.
  3459 | D:5      | Found a glowing golden altar of the Shining One.
  3462 | D:5      | Found a hide-covered altar of Uskayaw.
  3474 | D:5      | Found a shadowy altar of Dithmenos.
  3503 | D:5      | Found a shimmering altar of Xom.
  3719 | D:5      | Found an opulent altar of Gozag.
  3789 | D:5      | Reached XP level 8. HP: 70/70 MP: 8/8
  3790 | D:5      | Noticed Duvessa
  4065 | D:5      | Found a transporter.
  4225 | D:5      | Found a transporter.
  4588 | D:5      | Noticed Dowan
  4596 | D:5      | Found a sacrificial altar of Ru.
  4758 | D:6      | Found an iron altar of Okawaru.
  4846 | D:6      | Reached skill level 9 in Axes
  4904 | D:6      | Found a burning altar of Makhleb.
  4904 | D:6      | Noticed a balrug
  4907 | D:6      | Noticed a ynoxinul
  4907 | D:6      | Noticed a ynoxinul
  5182 | D:6      | Found a staircase to the Ecumenical Temple.
  5210 | D:6      | Reached XP level 9. HP: 80/80 MP: 9/9
  5368 | D:7      | Reached skill level 5 in Armour
  5439 | D:7      | Reached skill level 10 in Axes
  5790 | D:7      | Found a snail-covered altar of Cheibriados.
  5866 | D:7      | Reached skill level 11 in Axes
  5983 | D:7      | Found a stormy altar of Qazlal.
  6024 | D:7      | Found a sparkling altar of Nemelex Xobeh.
  6213 | D:7      | Reached **** piety under Trog
  6214 | D:7      | Reached skill level 12 in Axes
  6402 | D:7      | Reached skill level 1 in Evocations
  6550 | D:8      | Reached XP level 10. HP: 43/89 MP: 10/10
  6773 | D:8      | Found a flagged portal.
  6809 | Bailey   | Entered a bailey
  7163 | Bailey   | HP: 1/90 [orc warrior/+0 glaive (19)]
  7163 | Bailey   | Mangled by an orc warrior

Illustrated notes

Levels and vault maps discovered:
D:1:      onia_arrival_handbag, layout_basic,
          dreamdust_ecumenical_altar_angels_and_demons,
          grunt_decor_mini_mirrors, chequers_garden, minmay_statues_item,
          minmay_liquid_box
D:2:      minmay_wonky_spiral, layout_basic, minmay_misc_feat_ornament,
          minmay_misc_feat_columns
D:3:      cheibrodos_pilgrimage, layout_rooms,
          nicolae_overflow_ecumenical_swirl, uniq_grinder, uniq_terence,
          uniq_ijyb
D:4:      layout_basic, nicolae_sif_muna_condensation,
          gammafunk_temple_overflow_wave
D:5:      gammafunk_wand_slinger, layout_layer_cave, amcnicky_altar_gilded,
          lemuel_mausoleum_altar_yredelemnul, grunt_temple_overflow_cloverleaf,
          mainiacjoe_overflow_brackets,
          nicolae_gozag_cash_rules_everything_around_me, nicolae_half_adder,
          uniq_duvessa
D:6:      lemuel_ice_spiral_2, layout_rooms, okawaru_gym_becter,
          makhleb_altar_promises_db, minmay_temple_entry_wispy
D:7:      layout_rooms, kennysheep_mini_moat, old_standard_altar,
          mainiacjoe_overflow_alcove_4, minmay_misc_feat_chi, grunt_ministairs_4
D:8:      minmay_recursive_quarters, layout_basic, zin_statuary, enter_bailey_3
Bailey:   bailey_polearm_elven_captive_hellmonk, bailey

Skill      XL: |  1  2  3  4  5  6  7  8  9 10 |
---------------+-------------------------------+-----
Fighting       | 4 5 6 7 8 |  8.7
Stealth        | 1 2 4 |  4.0
Axes           | 5 7 8 9 12 | 12.5
Dodging        | 2 3 |  3.7
Armour         | 4 6 |  6.7
Evocations     | 1 2 |  2.4

Action                     |  1- 3 |  4- 6 |  7- 9 | 10-12 || total
---------------------------+-------+-------+-------+-------++-------
  Melee: Hand axe          |    89 |   137 |   447 |   136 ||   809
         Punch             |       |       |     9 |     1 ||    10
   Fire: Sling             |       |       |    90 |    11 ||   101
  Throw: Boomerang         |       |       |     6 |     4 ||    10
 Invoke: Berserk           |       |     2 |     3 |     1 ||     6
         Trog's Hand       |       |       |     1 |     1 ||     2
  Evoke: Wand              |       |     2 |     2 |     7 ||    11
    Use: Potion            |       |     1 |       |       ||     1
         Scroll            |       |       |    10 |     1 ||    11
   Stab: Sleeping          |       |       |     1 |       ||     1
         Paralysed         |       |       |       |     2 ||     2
 Armour: Animal skin       |     2 |       |       |       ||     2
         Leather armour    |     6 |       |       |       ||     6
         Ring mail         |    21 |    38 |   212 |    36 ||   307
         Skin              |       |     2 |       |       ||     2
  Dodge: Dodged            |    57 |    77 |   278 |    58 ||   470

Table legend: (Time is in decaauts)
 A = Elapsed time spent in this place.
 B = Non-inter-level travel time spent in this place.
 C = Inter-level travel time spent in this place.
 D = Time resting spent in this place.
 E = Time spent auto-exploring this place.
 F = Levels seen in this place.
 G = Mean time per level.
                   A        B        C        D        E       F      G
               +--------+--------+--------+--------+--------+-----+--------+
         Total |   7119 |   6902 |    217 |    242 |   4944 |   9 |  791.0 |
       Dungeon |   6771 |   6554 |    217 |    242 |   4660 |   8 |  846.4 |
        Bailey |    347 |    347 |      0 |      0 |    284 |   1 |  347.0 |
               +--------+--------+--------+--------+--------+-----+--------+

Top non-repeatable levels by time:
     D:5: 1250 daAuts
     D:2: 1152 daAuts
     D:7: 1018 daAuts
     D:3: 882 daAuts
     D:6: 811 daAuts
     D:1: 744 daAuts
     D:4: 617 daAuts
  Bailey: 347 daAuts
     D:8: 292 daAuts
